Map: Ruins of Seras

Players

Flood

  • Race: Zerg Zerg
  • League: Master

IIllIIlIllll - Winner!

  • Race: Protoss Protoss
  • League: Grandmaster

VOD

Have the link to the VOD?

Description

Time

  • Played on: Jan. 17, 2016, 7:10 p.m.
  • Length: 11:58
Show
View Real Time Build Order
Export as new Build Order

Flood Zerg 

Build Orders: Hatch First 

Get SALT Encoding   

  12  0:02  Drone  
  13  0:10  Drone  
  14  0:17  Extractor  
  14  0:18  Drone  
  14  0:23  Extractor  
  14  0:24  Drone  
  14  0:30  Overlord  
  16  0:51  Hatchery  
  16  0:55  Drone  
  16  0:59  Drone  
  17  1:09  Extractor  
  16  1:15  Spawning Pool  
  16  1:18  Drone  
  16  1:22  Drone  
  16  1:25  Drone  
  18  1:31  Drone  
  19  1:40  Overlord  
  19  2:02  Queen, Zergling x2  
  19  2:03  Queen  
  24  2:11  Metabolic Boost  
  24  2:12  Drone  
  24  2:14  Drone  
  26  2:17  Drone  
  26  2:20  Drone  
  28  2:24  Drone  
  28  2:28  Drone  
  30  2:34  Drone  
  31  2:38  Drone  
  32  2:45  Overlord  
  32  2:56  Evolution Chamber  
  31  2:59  Hatchery  
  31  3:00  Drone x2  
  31  3:01  Drone  
  33  3:10  Zergling x4  
  35  3:16  Zergling x8  
  39  3:20  Overlord  
  38  3:45  Zerg Melee Weapons Level 1  
  38  3:47  Drone x2  
  38  3:48  Drone x8  
  48  3:50  Extractor  
  48  3:51  Drone, Extractor  
  48  3:55  Overlord  
  47  4:00  Drone  
  48  4:03  Extractor  
  48  4:05  Drone  
  48  4:13  Queen  
  48  4:15  Drone x2  
  52  4:17  Lair  
  52  4:21  Drone x2  
  54  4:26  Drone x2  
  56  4:32  Overlord  
  56  4:40  Overlord  
  49  4:57  Drone x4  
  49  4:58  Drone x2  
  51  5:05  Overlord  
  48  5:08  Spore Crawler x2, Drone  
  48  5:09  Drone x3  
  48  5:10  Drone  
  51  5:16  Hydralisk Den  
  51  5:19  Overlord  
  50  5:24  Drone  
  50  5:25  Drone x2, Extractor  
  50  5:26  Drone  
  50  5:27  Drone x2  
  55  5:29  Drone  
  57  5:36  Overlord  
  57  5:38  Zergling x8  
  61  5:43  Spore Crawler  
  61  5:46  Zerg Melee Weapons Level 2  
  60  5:51  Muscular Augments  
  60  6:03  Hydralisk x4  
  68  6:06  Drone x2  
  68  6:09  Drone  
  68  6:10  Drone x2  
  73  6:11  Drone  
  73  6:13  Overseer  
  74  6:23  Hydralisk x4  
  81  6:29  Overlord  
  81  6:33  Hydralisk x3  
  87  6:40  Overlord  
  87  6:46  Hydralisk x4  
  95  6:52  Hydralisk  
  95  6:53  Hydralisk x2  
  101  7:01  Spine Crawler  
  101  7:07  Spine Crawler, Overseer  
  99  7:10  Zergling x12  
  99  7:15  Overlord  
  105  7:22  Baneling Nest  
  105  7:40  Overlord  
  103  7:45  Zergling x2  
  103  7:46  Zergling x20  
  114  7:53  Roach Warren  
  113  8:01  Zergling x18  
  122  8:07  Overlord  
  87  8:20  Hydralisk x7  
  84  8:35  Glial Reconstitution  
  84  8:36  Roach  
  84  8:37  Roach x5  
  84  8:39  Zerg Missile Weapons Level 1  
  96  8:44  Roach  
  96  8:45  Roach x4  
  106  8:50  Roach  
  107  9:00  Spire  
  107  9:02  Infestation Pit  
  106  9:03  Roach x2  
  106  9:04  Roach x5  
  120  9:10  Hatchery  
  119  9:17  Overseer x2  
  119  9:21  Roach  
  119  9:23  Overlord  
  121  9:30  Drone, Extractor  
  121  9:31  Drone, Extractor  
  121  9:32  Overlord  
  121  9:44  Drone x8  
  129  9:46  Overlord  
  129  9:49  Overlord  
  129  9:50  Hive  
  129  9:52  Hatchery, Roach  
  130  9:53  Roach x3  
  130  9:57  Drone  
  130  9:58  Overlord  
  137  10:18  Overlord  
  137  10:25  Overseer  
  137  10:29  Overlord  
  119  10:55  Roach  
  119  10:56  Roach x6  
  99  11:14  Ultralisk Cavern  
  92  11:31  Roach  
  92  11:32  Roach x8  
Show
View Real Time Build Order
Export as new Build Order

IIllIIlIllll Protoss - Winner!

Build Orders: 1 Gate Expand, Oracle Opening, Zealot Archon 

Get SALT Encoding   

  12  0:01  Probe (Chrono Boost)  
  13  0:11  Probe (Chrono Boost)  
  14  0:19  Pylon  
  14  0:22  Probe (Chrono Boost)  
  15  0:38  Probe (Chrono Boost)  
  15  0:42  Gateway  
  16  0:48  Probe (Chrono Boost)  
  17  0:59  Probe (Chrono Boost)  
  18  1:14  Nexus  
  18  1:19  Probe (Chrono Boost)  
  18  1:23  Assimilator  
  19  1:29  Probe (Chrono Boost)  
  20  1:38  Cybernetics Core  
  20  1:41  Probe (Chrono Boost)  
  20  1:45  Assimilator  
  21  1:51  Probe (Chrono Boost)  
  22  2:02  Pylon  
  22  2:03  Probe (Chrono Boost)  
  23  2:12  Warp Gate (Chrono Boost)  
  23  2:20  Probe (Chrono Boost)  
  24  2:26  Zealot  
  24  2:27  Probe (Chrono Boost)  
  27  2:31  Probe (Chrono Boost)  
  28  2:38  Probe (Chrono Boost)  
  28  2:41  Probe (Chrono Boost)  
  28  2:42  Gateway  
  30  2:48  Probe (Chrono Boost)  
  31  2:52  Stargate  
  31  2:59  Gateway  
  31  3:05  Pylon  
  31  3:07  Probe (Chrono Boost)  
  31  3:12  Mothership Core (Chrono Boost)  
  34  3:18  Probe (Chrono Boost)  
  35  3:23  Pylon  
  35  3:28  Probe (Chrono Boost)  
  35  3:30  Probe (Chrono Boost)  
  37  3:37  Oracle (Chrono Boost)  
  37  3:39  Probe  
  41  3:41  Probe  
  41  3:44  Sentry  
  44  3:51  Probe  
  44  3:53  Probe  
  46  3:57  Pylon  
  46  4:04  Probe  
  46  4:05  Probe  
  48  4:12  Void Ray (Chrono Boost)  
  48  4:16  Probe  
  53  4:18  Probe  
  53  4:21  Assimilator  
  53  4:22  Adept  
  53  4:23  Adept  
  58  4:25  Adept, Assimilator  
  58  4:28  Probe (Chrono Boost)  
  58  4:30  Probe (Chrono Boost)  
  62  4:39  Probe (Chrono Boost)  
  62  4:42  Probe (Chrono Boost)  
  64  4:49  Probe (Chrono Boost)  
  65  4:56  Probe (Chrono Boost)  
  64  5:00  Probe (Chrono Boost)  
  64  5:06  Forge  
  65  5:07  Probe (Chrono Boost)  
  65  5:11  Probe (Chrono Boost)  
  67  5:15  Adept  
  67  5:17  Pylon  
  69  5:22  Twilight Council, Robotics Facility  
  69  5:25  Probe (Chrono Boost)  
  70  5:33  Nexus  
  70  5:34  Pylon  
  70  5:36  Probe (Chrono Boost)  
  70  5:37  Pylon  
  70  5:38  Probe (Chrono Boost)  
  70  5:40  Protoss Ground Weapons Level 1 (Chrono Boost)  
  70  5:41  Photon Cannon  
  72  5:46  Probe (Chrono Boost)  
  72  5:48  Probe (Chrono Boost)  
  72  5:49  Pylon  
  74  5:57  Probe  
  74  5:58  Gateway, Photon Cannon  
  74  5:59  Gateway  
  75  6:04  Gateway  
  75  6:07  Probe  
  75  6:08  Observer (Chrono Boost)  
  77  6:12  Dark Shrine  
  77  6:17  Charge (Chrono Boost)  
  77  6:19  Probe x2  
  77  6:23  Assimilator  
  79  6:27  Assimilator  
  79  6:31  Probe x2, Warp Prism  
  83  6:43  Probe x2  
  83  6:44  Probe  
  86  6:55  Probe  
  87  7:02  Zealot x3  
  87  7:03  Zealot x3  
  87  7:08  Gateway  
  99  7:09  Gateway  
  99  7:13  Immortal  
  103  7:23  Templar Archives  
  102  7:34  Dark Templar x4  
  110  7:38  Archon  
  108  7:47  Immortal  
  108  7:49  Protoss Ground Weapons Level 2 (Chrono Boost)  
  108  7:51  Psionic Storm  
  108  7:57  Gateway x2  
  112  8:02  Gateway  
  112  8:11  Zealot  
  112  8:12  Zealot x3  
  116  8:14  Archon  
  103  8:20  Zealot x4  
  103  8:26  Pylon  
  103  8:27  Immortal, Pylon  
  105  8:40  High Templar x3  
  111  8:45  Dark Templar x3  
  111  8:46  Dark Templar  
  119  8:56  Nexus  
  119  8:59  Pylon  
  119  9:04  Immortal  
  124  9:17  Probe x3  
  124  9:21  Photon Cannon  
  124  9:22  Pylon, Photon Cannon  
  126  9:25  High Templar x2  
  126  9:29  Probe  
  131  9:33  Fleet Beacon, Stargate  
  131  9:34  Probe  
  132  9:41  Zealot x3  
  132  9:43  Observer  
  138  9:51  Photon Cannon  
  139  9:53  Assimilator  
  139  9:54  Probe x3  
  139  9:59  Assimilator  
  140  10:10  Immortal  
  144  10:22  Zealot x6  
  150  10:36  Dark Templar x4  
  150  10:48  Photon Cannon  
  146  10:55  Zealot x4  
  146  10:56  Photon Cannon  
  142  11:03  Immortal  
  142  11:06  Zealot x3  
  148  11:19  Zealot x8  
  144  11:53  Archon x2  
Tags
 
Add a new tag
Caveats
  • Supply blocks, unpowered buildings, or Contaminate may cause inaccurate times.
  • Supply counts are checked every 10 seconds.